 Dungeon Crawl Stone Soup version 0.14-a0-2001-g390038d (webtiles) character file.

319 Kae the Cudgeler (level 5, -7/45 HPs)
             Began as a Minotaur Fighter on Jan 18, 2014.
             Killed by divine providence
             ... invoked by an orc priest
              (9 damage)
             ... on Level 4 of the Dungeon.
             The game lasted 00:03:15 (2299 turns).

Kae the Cudgeler (Minotaur Fighter)                 Turns: 2299, Time: 00:03:15

HP  -7/45        AC  6     Str 21      XL: 5   Next: 73%
MP   2/2         EV  6     Int  5      God:
Gold 88          SH 19     Dex 10      Spells:  0 memorised,  4 levels left

rFire  . . .     SeeInvis .     a - +0 mace
rCold  . . .     Clarity  .     b - +0 scale mail
rNeg   . . .     Conserve .     c - +0 shield
rPois  .         rCorr    .     (helmet restricted)
rElec  .         rRot     .     (no cloak)
SustAb . .       Spirit   .     (no gloves)
rMut   .         Warding  .     (no boots)
Saprov . . .     Stasis   .     (no amulet)
MR     .....                    (no ring)
                                (no ring)

@: not resistant to hostile enchantments, extremely unstealthy
A: retaliatory headbutt, horns 2
a: no special abilities


You were on level 4 of the Dungeon.
You were near starving.

You visited 1 branch of the dungeon, and saw 4 of its levels.

You collected 88 gold pieces.

Inventory:

Hand weapons
 a - a +0,+0 mace (weapon)
Armour
 b - a +0 scale mail (worn)
 c - a +0 shield (worn)
 r - a +0 pair of boots
Comestibles
 d - a bread ration
 f - a pear
 p - an apple
Scrolls
 e - 4 scrolls of identify {unknown}
 g - a scroll of enchant weapon I {unknown}
 h - a scroll of amnesia {unknown}
 k - 3 scrolls of teleportation {unknown}
 l - a scroll of curse weapon {unknown}
 m - a scroll of blinking {unknown}
 n - 4 scrolls of remove curse {unknown}
 o - a scroll of fear {unknown}
Potions
 i - 2 potions of might {unknown}
 j - 2 potions of magic {unknown}
 q - a potion of degeneration {unknown}


   Skills:
 - Level 3.6 Fighting
 + Level 7.3 Maces & Flails
 - Level 3.6 Armour
 - Level 3.6 Shields


You had 4 spell levels left.
You didn't know any spells.

Dungeon Overview and Level Annotations

Branches:
Dungeon (4/16)
 Temple: D:4-7

Altars:
Ashenzari

Shops:
D:4 =


Innate Abilities, Weirdness & Mutations

You reflexively headbutt those who attack you in melee.
You have a pair of horns on your head.


Message History

* * * LOW HITPOINT WARNING * * *
You block the centaur skeleton's attack.
Found a morningstar.
Found Eddum's Jewellery Boutique.
An orc comes into view. It is wielding an orcish short sword.
The orc shouts!
The centaur skeleton hits you.
* * * LOW HITPOINT WARNING * * *
Found a scroll labeled GRIEFFE SAXTEF.
An orc wizard comes into view. It is wielding an orcish dagger.
The orc wizard shouts!
An orc priest comes into view. It is wielding an orcish club.
The centaur skeleton hits you.
* * * LOW HITPOINT WARNING * * *
The giant newt bites you but does no damage.
Found a stone staircase leading up.
A worm comes into view.
The orc priest shouts!
The orc priest calls down the wrath of Beogh upon you.
Something smites you!
You die...

#...# #...# . #...######
#..# #...'...%.
#.#..#.#########...######
.o.oo....l⌠..............
#o####o##.########..#####
#.w.....#Z#.........#
###..@....# ...#
#<.....#..# #....
.....∩...#..# #..###
#######..? .# ... ##)#.##
. #.#.# #.# # #.# .


You could see a worm, an orc priest, an orc wizard, an inept fountain mimic, an
orc, a giant newt and a centaur skeleton.

Vanquished Creatures
  A hound (D:3)
  A jelly (D:3)
  An orc wizard (D:3)
  7 adders
  A giant mite (D:2)
  4 giant geckos
  2 oozes (D:1)
  4 orcs (D:3)
  14 bats
  3 giant cockroaches
  4 goblins
  9 hobgoblins
  5 kobolds
  2 quokkas (D:2)
  3 giant newts
  2 jackals (D:1)
  12 rats
75 creatures vanquished.

Notes
Turn   | Place    | Note
--------------------------------------------------------------
     0 | D:1      | Kae, the Minotaur Fighter, began the quest for the Orb.
     0 | D:1      | Reached XP level 1. HP: 19/19 MP: 1/1
     2 | D:1      | Noticed a draconian
     2 | D:1      | Noticed a minotaur
     4 | D:1      | Noticed a merfolk
     4 | D:1      | Noticed a human
     6 | D:1      | Noticed a demigod
     6 | D:1      | Noticed a demonspawn
     8 | D:1      | Noticed a dwarf
    10 | D:1      | Noticed a spriggan
    10 | D:1      | Noticed a tengu
    12 | D:1      | Noticed a naga
    12 | D:1      | Noticed a felid
    16 | D:1      | Noticed a ghoul
    16 | D:1      | Noticed an elf
    18 | D:1      | Noticed a vampire
    18 | D:1      | Noticed an ogre
    20 | D:1      | Noticed an octopode
    20 | D:1      | Noticed a troll
    22 | D:1      | Noticed a centaur
   195 | D:1      | Reached XP level 2. HP: 10/26 MP: 1/1
   536 | D:1      | Reached skill level 4 in Maces & Flails
   743 | D:2      | Reached XP level 3. HP: 31/31 MP: 2/2
   940 | D:2      | Reached skill level 5 in Maces & Flails
   970 | D:2      | Reached XP level 4. HP: 39/39 MP: 2/2
  1401 | D:3      | Reached skill level 6 in Maces & Flails
  1585 | D:3      | Reached XP level 5. HP: 28/45 MP: 2/2
  1882 | D:3      | Found a shattered altar of Ashenzari.
  1896 | D:3      | Reached skill level 7 in Maces & Flails
  2036 | D:3      | You fall through a shaft!
  2073 | D:4      | Noticed an ogre
  2294 | D:4      | Found Eddum's Jewellery Boutique.
  2297 | D:4      | HP: 2/45 [centaur skeleton (4)]
  2299 | D:4      | Killed from afar by an orc priest

Action                   |  1- 3 |  4- 6 || total
-------------------------+-------+-------++-------
Melee: Mace              |    89 |   108 ||   197
